 Dungeon Crawl Stone Soup version 0.29.0 (webtiles) character file.

Game seed: 14469216044749515267

14068 bonscott the Skirmisher (level 11, -4/60 HPs)
             Began as a Deep Elf Necromancer on Sept 16, 2022.
             Was an Initiate of Gozag.
             Slain by an orc high priest
             ... wielding a +0 glaive
              (9 damage)
             ... while paralysed by an orc sorcerer
             ... on level 1 of the Orcish Mines.
             The game lasted 01:45:13 (17342 turns).

bonscott the Skirmisher (Deep Elf Necromancer)     Turns: 17342, Time: 01:45:14

Health: -4/60      AC: 20    Str:  7    XL:     11   Next: 83%
Magic:  29/29      EV:  2    Int: 24    God:    Gozag
Gold:   2212       SH:  0    Dex: 21    Spells: 22/34 levels left

rFire   . . .      SeeInvis +   a - +3 longbow (flame)
rCold   . . .      Faith    .   (shield currently unavailable)
rNeg    . . .      Spirit   .   K - +3 ring mail {Will+}
rPois   .          Reflect  .   k - +0 hat of Birdsong {Int+4}
rElec   .          Harm     .   F - +1 cloak
rCorr   .          Rampage  .   Z - +3 Mad Mage's Maulers {Infuse+∞ RegenMP Int-3}
Will    ++...                   x - +2 pair of boots
Stlth   ++........              (no amulet)
HPRegen 0.20/turn               o - +6 ring of dexterity
MPRegen 0.61/turn               B - ring of see invisible

@: paralysed
A: no striking features
a: Renounce Religion, Potion Petition, Call Merchant, Bribe Branch


You were on level 1 of the Orcish Mines.
You worshipped Gozag.
Gozag was most pleased with you.
You visited 3 branches of the dungeon, and saw 13 of its levels.
You also visited: Bailey.

You collected 2301 gold pieces.
You paid 89 gold pieces to Gozag.

Inventory:

Hand Weapons
 a - a +3 longbow of flaming (weapon)
 n - a +2 scimitar of flaming
Missiles
 d - 39 poisoned darts
 t - 79 stones
 w - 2 curare-tipped darts
 E - a throwing net
 V - 11 boomerangs
Armour
 k - the +0 hat of Birdsong (worn) {Int+4}
   (You acquired it on level 9 of the Dungeon)

   Int:       It affects your intelligence (+4).
 x - a +2 pair of boots (worn)
 F - a +1 cloak (worn)
 K - a +3 ring mail of willpower (worn)
 N - a +0 pair of gloves
 Z - the +3 Mad Mage's Maulers (worn) {Infuse+∞ RegenMP Int-3}
   (You acquired it on level 7 of the Dungeon)

   It empowers its wearer's blows with all of their magic.
   It causes its wearer's magical reserves to regenerate more quickly.
   Int:       It affects your intelligence (-3).
Magical Staves
 e - a staff of conjuration
 u - a staff of air
Jewellery
 f - a ring of fire
 o - a +6 ring of dexterity (left hand)
 B - a ring of see invisible (right hand)
 O - a ring of flight
 Y - a ring of resist corrosion
Wands
 b - a wand of acid (3)
 r - a wand of polymorph (16)
 z - a wand of mindburst (3)
 A - a wand of charming (9)
 L - a wand of flame (26)
 P - a wand of iceblast (3)
Scrolls
 c - 3 scrolls of amnesia {unknown}
 h - 2 scrolls of blinking
 i - 12 scrolls of teleportation
 m - a scroll of summoning {unknown}
 s - a scroll of enchant weapon
 v - 2 scrolls of vulnerability {unknown}
 y - 2 scrolls of poison {unknown}
 C - 3 scrolls of fog {unknown}
 D - 2 scrolls of silence {unknown}
 G - 3 scrolls of enchant armour
 H - 2 scrolls of magic mapping {unknown}
 R - a scroll of fear {unknown}
 U - 2 scrolls of noise {unknown}
 W - a scroll of brand weapon {unknown}
Potions
 g - 5 potions of lignification
 j - 2 potions of mutation
 l - 5 potions of magic
 p - a potion of berserk rage
 q - 4 potions of attraction
 I - 2 potions of cancellation
 M - 2 potions of might
 Q - 3 potions of curing
 S - 2 potions of heal wounds
 T - 2 potions of haste
 X - a potion of brilliance {unknown}
Miscellaneous
 J - a phantom mirror


   Skills:
 - Level 3.3 Fighting
 - Level 12.5 Ranged Weapons
 - Level 9.0 Armour
 - Level 2.4 Dodging
 - Level 2.4 Stealth
 - Level 12.3 Spellcasting
 - Level 10.0 Necromancy
 + Level 3.5 Evocations


You had 22 spell levels left.
You knew the following spells:

 Your Spells              Type           Power      Damage    Failure   Level
a - Apportation           Tloc           28%        N/A       11%         1
i - Necrotise             Necr           100%       1d9       1%          1
m - Vampiric Draining     Necr           58%        2d10      1%          3
p - Passwall              Tmut/Erth      11%        N/A       17%         2
y - Agony                 Necr           58%        N/A       4%          5

Your spell library contained the following spells:

 Spells                   Type           Power      Damage    Failure   Level
 Sublimation of Blood     Necr           58%        N/A       1%          2
 Beastly Appendage        Tmut           28%        N/A       11%         1
 Magic Dart               Conj           56%        1d5       11%         1
 Sandblast                Erth           30%        2d9       11%         1
 Summon Small Mammal      Summ           56%        N/A       11%         1
 Call Imp                 Summ           14%        N/A       17%         2
 Wereblood                Tmut           14%        N/A       17%         2
 Call Canine Familiar     Summ           14%        N/A       32%         3
 Dazzling Flash           Conj/Hex       28%        N/A       32%         3
 Mephitic Cloud           Conj/Pois/Air  14%        N/A       32%         3
 Spider Form              Tmut/Pois      14%        N/A       32%         3
 Stone Arrow              Conj/Erth      28%        3d8       32%         3
 Summon Guardian Golem    Hex/Summ       14%        N/A       32%         3
 Animate Armour           Summ/Erth      28%        N/A       73%         4
 Petrify                  Tmut/Erth      14%        N/A       73%         4
 Irradiate                Conj/Tmut      7%         3d14      97%         5
 Silence                  Hex/Air        7%         N/A       97%         5
 Lehudib's Crystal Spear  Conj/Erth      7%         10d3      100%        8
 Animate Dead             Necr           Unusable   N/A       N/A         4

Dungeon Overview and Level Annotations

Branches:
Dungeon (11/15)            Temple (1/1) D:6            Lair (0/5) D:8
    Orc (1/2) D:9          Bailey (visited)

Altars:
Ashenzari
Cheibriados
Dithmenos
Elyvilon
Fedhas
Gozag
Hepliaklqana
Kikubaaqudgha
Makhleb
Nemelex Xobeh
Okawaru
Qazlal
Ru
Sif Muna
Trog
Uskayaw
Wu Jian
Xom
Yredelemnul
Zin
The Shining One

Shops:
D:2 !   D:3 [   D:9 ![[   D:10 [

Annotations:
D:9 4 runed translucent doors
D:10 Amaemon


Message History

Magic restored.
You now have 2212 gold pieces (gained 31).
Items here: ))))))) [[.
Okay, then.
There is a staircase to the Orcish Mines, spattered with blood here.
You climb downwards.
Welcome back to the Orcish Mines!
The orc hits you but does no damage. The orc high priest closely misses you.
The orc hits you with a +0 mace. The orc hits you but does no damage.
The orc warrior hits you with a +0 battleaxe.
The orc sorcerer gestures at you while chanting.
You suddenly lose the ability to move!
The orc warrior hits you but does no damage.
The orc high priest utters an invocation to Beogh.
The orc warrior hits you but does no damage.
The orc sorcerer hits you but does no damage.
The orc warrior hits you with a +0 mace.
The orc hits you but does no damage. x2
The orc warrior hits you with a +0 battleaxe!
The orc sorcerer hits you but does no damage.
The orc warrior hits you but does no damage. x2
The orc hits you but does no damage. x2
The orc high priest hits you from afar with a +0 glaive.
The orc hits you but does no damage.
The orc warrior hits you with a +0 battleaxe!
The orc sorcerer hits you but does no damage.
The orc warrior hits you from afar with a +0 halberd.
The orc warrior barely misses you. The orc hits you but does no damage. x3
The orc high priest hits you but does no damage.
The orc hits you but does no damage.
The orc warrior hits you with a +0 battleaxe!
* * * LOW HITPOINT WARNING * * *
The orc sorcerer casts a spell at you. You resist with almost no effort.
The orc warrior hits you but does no damage.
The orc warrior hits you with a +0 mace.
* * * LOW HITPOINT WARNING * * *
The orc hits you but does no damage. x3
The orc high priest hits you from afar with a +0 glaive!
You die...
Your body crumbles into a pile of gold.

$ ...$.........#
.............
..o......... .
...........# ..
.......>...#...
...............
..#....oo......
#.....o@oo.....
......ooo......
....#.#o4......$
............#..
. ... ...#...#.
#.##...........
# . ..... ....
##...###.....


You could see an orc high priest, a chaos spawn (summoned), an orc sorcerer, 3
orc warriors, an orc wizard and 4 orcs.

Vanquished Creatures
  2 two-headed ogres
  A centaur warrior (D:9)
  Sonja (D:10)
  An unseen horror (D:10)
  A yaktaur (shapeshifter) (D:8)
  An efreet (D:10)
  2 trolls
  A hornet (D:9)
  A slime creature (D:8)
  6 wyverns
  14 yaks
  5 humans (D:11)
  An acid dragon (D:7)
  3 water moccasins
  3 sky beasts (D:8)
  2 ice beasts
  19 orc warriors
  3 ogres
  4 centaurs
  3 kobold brigands
  4 gnoll sergeants
  2 bullfrogs
  5 scorpions
  2 necrophages
  A wight (D:8)
  13 killer bees
  6 howler monkeys
  2 electric eels (D:9)
  9 orc priests
  A gnoll bouda (D:7)
  2 hounds
  A jelly (D:5)
  3 iguanas
  Natasha (thrice) (D:2)
  15 orc wizards
  A hell rat (D:7)
  Robin (D:4)
  18 gnolls
  6 adders
  A river rat (D:8)
  A shadow imp (D:6)
  5 white imps
  A worm (D:2)
  A dart slug (D:1)
  43 orcs
  4 ball pythons
  6 endoplasms
  4 giant cockroaches
  32 goblins
  15 hobgoblins
  2 jackals (D:1)
  7 quokkas
  2 bats
  2 frilled lizards
  10 kobolds
  5 rats
310 creatures vanquished.

Vanquished Creatures (collateral kills)
  A kobold brigand (D:9)
  A killer bee (D:7)
  An adder (D:4)
  An orc (D:4)
  2 endoplasms (D:4)
6 creatures vanquished.

Vanquished Creatures (others)
  A yak (D:9)
  2 howler monkeys (D:10)
  3 gnolls
  42 plants
48 creatures vanquished.

Grand Total: 364 creatures vanquished

Notes
Turn   | Place    | Note
-------+----------+-------------------------------------------
     0 | D:1      | bonscott the Deep Elf Necromancer began the quest for the
                  | Orb.
     0 | D:1      | Reached XP level 1. HP: 10/10 MP: 6/6
   208 | D:1      | Reached skill level 5 in Necromancy
   344 | D:1      | Reached XP level 2. HP: 15/15 MP: 5/8
   392 | D:1      | Found a faded altar of an unknown god.
   943 | D:2      | Noticed Natasha
   947 | D:2      | Killed Natasha
   948 | D:2      | Reached XP level 3. HP: 16/19 MP: 5/10
  1000 | D:2      | Noticed Natasha
  1007 | D:2      | Learned a level 3 spell: Vampiric Draining
  1060 | D:2      | Found Sazeger's Distillery.
  1322 | D:2      | Reached XP level 4. HP: 24/24 MP: 7/12
  1454 | D:2      | Killed Natasha
  1515 | D:2      | Reached skill level 5 in Spellcasting
  1850 | D:2      | Noticed Natasha
  1857 | D:2      | Killed Natasha
  2189 | D:3      | Reached XP level 5. HP: 28/28 MP: 12/14
  2201 | D:3      | Found Banin's Armour Boutique.
  2487 | D:3      | Noticed an ogre
  2496 | D:3      | Killed an ogre
  2582 | D:3      | Identified the +2 pair of gloves of Lust {-Tele Harm rPois
                  | rC+ Str+2}
  2788 | D:4      | Reached XP level 6. HP: 32/32 MP: 12/17
  2809 | D:4      | Noticed Robin
  2966 | D:4      | Killed Robin
  3286 | D:4      | You fall into a shaft and drop 2 floors!
  3311 | D:5      | Entered Level 5 of the Dungeon
  3805 | D:4      | Found a hazy altar of Hepliaklqana.
  3812 | D:4      | Found a glowing silver altar of Zin.
  4213 | D:5      | Reached XP level 7. HP: 29/36 MP: 13/19
  5382 | D:5      | Reached XP level 8. HP: 32/41 MP: 18/23
  5580 | D:5      | Reached skill level 10 in Spellcasting
  5623 | D:5      | Learned a level 5 spell: Agony
  7116 | D:6      | Found a staircase to the Ecumenical Temple.
  7378 | Temple   | Entered the Ecumenical Temple
  7460 | Temple   | Became a worshipper of Gozag Ym Sagoz the Greedy
  8098 | D:7      | Reached XP level 9. HP: 36/45 MP: 21/25
  8419 | D:7      | Reached skill level 10 in Necromancy
  8477 | D:7      | Found a broken altar of Ashenzari.
  8650 | D:5      | Reached skill level 1 in Fighting
  9274 | D:7      | Reached skill level 5 in Armour
  9793 | D:8      | Found a flagged portal.
  9823 | D:8      | Learned a level 2 spell: Passwall
  9825 | Bailey   | Entered a bailey
 10108 | Bailey   | Reached skill level 1 in Ranged Weapons
 10281 | Bailey   | Reached XP level 10. HP: 52/56 MP: 19/28
 10515 | Bailey   | Noticed an orc knight
 10631 | Bailey   | Reached skill level 5 in Ranged Weapons
 10765 | Bailey   | Noticed an orc warlord
 11145 | D:8      | Noticed a death yak
 11374 | D:7      | Acquired the +3 Mad Mage's Maulers {Infuse+∞ RegenMP Int-3}
 11374 | D:7      | Found the +3 Mad Mage's Maulers {Infuse+∞ RegenMP Int-3}
 11386 | D:7      | Acquired a +1 longbow of flaming
 11526 | D:8      | Noticed a skeletal warrior
 11954 | D:8      | Noticed a death yak
 11959 | D:8      | Noticed a death yak
 12006 | D:8      | Noticed a two-headed ogre
 12292 | D:8      | Noticed an eight-headed hydra
 12325 | D:8      | Reached skill level 10 in Ranged Weapons
 12372 | D:8      | Found a staircase to the Lair.
 13091 | D:9      | Reached XP level 11. HP: 60/60 MP: 29/29
 13151 | D:9      | Found a staircase to the Orcish Mines.
 13273 | D:9      | Acquired the +0 hat of Birdsong {Int+4}
 13393 | D:9      | Found a large runed translucent door.
 13394 | D:9      | Found a large runed translucent door.
 13395 | D:9      | Found Raoc Hae's Armour Shop.
 13456 | D:9      | Found a large runed translucent door.
 13456 | D:9      | Found a large runed translucent door.
 13476 | D:9      | Noticed a centaur warrior
 13890 | D:9      | Found Tecoaviewn's Armour Emporium.
 14035 | D:9      | Found Ynoerph's Distillery.
 14097 | D:9      | Killed a centaur warrior
 14242 | D:9      | Identified the +10 halberd "Pogrug" {venom, rPois}
 14289 | D:10     | Entered Level 10 of the Dungeon
 14487 | D:10     | Found Qealireg's Antique Armour Emporium.
 14607 | D:9      | Learned a level 1 spell: Apportation
 14913 | D:10     | Noticed Amaemon
 15011 | D:8      | Killed a two-headed ogre
 15394 | D:10     | Found a sparkling altar of Nemelex Xobeh.
 15419 | D:10     | Noticed Sonja
 15443 | D:10     | Killed Sonja
 15593 | D:10     | Found a blossoming altar of Fedhas.
 15966 | D:11     | Noticed a death yak
 15966 | D:11     | Noticed a death yak
 15966 | D:11     | Noticed a death yak
 15988 | D:11     | Noticed a two-headed ogre
 16016 | D:11     | Killed a two-headed ogre
 16416 | D:11     | Noticed a death yak
 16518 | D:11     | Reached skill level 1 in Evocations
 16710 | D:11     | Noticed a death yak
 16712 | D:11     | Noticed a death yak
 16712 | D:11     | Noticed a death yak
 16722 | D:11     | Noticed a death yak
 16724 | D:11     | Noticed a death yak
 16733 | D:11     | Noticed a death yak
 17143 | Orc:1    | Entered Level 1 of the Orcish Mines
 17144 | Orc:1    | Noticed an orc sorcerer
 17146 | Orc:1    | Noticed an orc high priest
 17338 | Orc:1    | Paralysed by an orc sorcerer for 5 turns
 17342 | Orc:1    | Slain by an orc high priest

Illustrated notes

Levels and vault maps discovered:
D:1:      dpeg_arrival_lava_altar, layout_basic,
          hellmonk_ecumenical_altar_dog_temple, feat_on_display
D:2:      layout_loops_ring, serial_shops, shop, uniq_natasha
D:3:      layout_loops_ring, serial_shops, shop
D:4:      layout_loops_ring, mainiacjoe_overflow_large_starburst, uniq_robin
D:5:      layout_gridville
D:6:      layout_rooms, minmay_temple_entry_gardened_gates
D:7:      layout_basic, ashenzari_conservatory_becter, minmay_misc_feat_roman,
          minivault_4
D:8:      nzn_winding_woodlands_cross
          [nzn_winding_woodlands_5x15_river_crossing,
          nzn_winding_woodlands_5x15_parted,
          nzn_winding_woodlands_5x15_sawtooth,
          nzn_winding_woodlands_5x15_concentric,
          nzn_winding_woodlands_15x15_five_gardens], layout_cave_pools,
          mainiacjoe_overflow_alcove_4, dpeg_lair_monsters, enter_bailey_5
D:9:      layout_stronghold, erik_orc_2, serial_shops, shop, shop, shop,
          minmay_hollow_rounded_squares
D:10:     layout_stronghold, nemelex_spade_bored_becter,
          lemuel_coloured_pillars_altar, serial_shops, nicolae_shop_stone,
          uniq_amaemon, uniq_sonja
D:11:     slaughterhouse, layout_irregular_city, nicolae_two_hexagons
Temple:   nicolae_temple_superstar
Orc:1:    layout_caves

Skill      XL: |  1  2  3  4  5  6  7  8  9 10 11 |
---------------+----------------------------------+-----
Necromancy     | 5 6 7 8 9 10 | 10.0
Spellcasting   | 4 5 6 7 9 10 12 | 12.3
Armour         | 4 5 9 |  9.0
Fighting       | 3 |  3.3
Ranged Weapons | 3 12 | 12.5
Evocations     | 3 |  3.5
Dodging        | |  2.4
Stealth        | |  2.4

Action                   |  1- 3 |  4- 6 |  7- 9 | 10-12 || total
-------------------------+-------+-------+-------+-------++-------
Melee: Short sword       |       |       |    25 |       ||    25
       Punch             |       |       |     5 |       ||     5
       Dagger            |       |       |    34 |       ||    34
 Fire: Sling             |    17 |    39 |    74 |    40 ||   170
       Longbow           |       |       |       |   196 ||   196
Throw: Dart              |       |     4 |    16 |     8 ||    28
 Cast: Necrotise         |    37 |   104 |   132 |    53 ||   326
       Vampiric Draining |       |     8 |    80 |   139 ||   227
       Agony             |       |       |     1 |    19 ||    20
       Apportation       |       |       |       |     1 ||     1
Evoke: Wand              |       |       |     5 |    19 ||    24
  Use: Scroll            |     4 |     2 |     5 |     9 ||    20
       Potion            |       |       |     2 |     5 ||     7
 Stab: Sleeping          |       |       |     1 |       ||     1
Armor: Robe              |     1 |     8 |    30 |       ||    39
       Leather armour    |       |       |    31 |    61 ||    92
       Skin              |       |       |     4 |    11 ||    15
       Ring mail         |       |       |       |    87 ||    87
Dodge: Dodged            |     5 |    10 |    90 |   150 ||   255
